 Dungeon Crawl Stone Soup version 0.29-a0-486-ga88943ba61 (webtiles) character file.

Game seed: 3582442256037381377

87 Colgate the Cutter (level 4, 26/26 HPs)
             Began as a Kobold Brigand on May 25, 2022.
             Quit the game on level 2 of the Dungeon.
             The game lasted 00:03:21 (2208 turns).

Colgate the Cutter (Kobold Brigand)                 Turns: 2208, Time: 00:03:22

Health: 26/26      AC:  4    Str:  8    XL:     4   Next: 80%
Magic:  4/4        EV: 14    Int: 12    God:
Gold:   85         SH:  0    Dex: 18    Spells: 3/3 levels left

rFire   . . .      SeeInvis .   a - +2 dagger
rCold   . . .      Faith    .   (no shield)
rNeg    . . .      Spirit   .   b - +0 robe
rPois   .          Reflect  .   p - +0 helmet
rElec   .          Harm     .   c - +0 cloak
rCorr   .          Rampage  .   (no gloves)
Will    .....                   (no boots)
Stlth   ++++......              (no amulet)
HPRegen 0.08/turn               (no ring)
MPRegen 0.09/turn               (no ring)

@: no status effects
A: small, no large weapons, nightstalker 3
a: no special abilities


You were on level 2 of the Dungeon.
You visited 1 branch of the dungeon, and saw 2 of its levels.

You collected 85 gold pieces.

Inventory:

Hand Weapons
 a - a +2 dagger (weapon)
Missiles
 d - 9 poisoned darts (quivered)
 e - 3 curare-tipped darts
Armour
 b - a +0 robe (worn)
 c - a +0 cloak (worn)
 p - a +0 helmet (worn)
Scrolls
 f - a scroll of teleportation {unknown}
 h - a scroll of poison
 i - 2 scrolls of fog {unknown}
 k - a scroll of amnesia {unknown}
 l - a scroll of fear {unknown}
 n - a scroll of blinking {unknown}
Potions
 g - a potion of might {@q3}
 j - a potion of berserk rage
 m - a potion of brilliance {unknown}
 o - a potion of cancellation
 q - a potion of mutation {unknown}


   Skills:
 - Level 2.1 Fighting
 + Level 6.1 Short Blades
 - Level 2.1 Throwing
 - Level 1.2 Dodging
 - Level 5.3 Stealth


You had 3 spell levels left.
You didn't know any spells.
Your spell library contained the following spells:

 Spells                   Type           Power      Damage    Failure   Level
 Sublimation of Blood     Necr           0%         N/A       45%         2
 Inner Flame              Hex/Fire       0%         N/A       69%         3
 Cause Fear               Hex            0%         N/A       97%         4
 Petrify                  Tmut/Erth      0%         N/A       97%         4
 Irradiate                Conj/Tmut      0%         3d13      100%        5
 Discord                  Hex            0%         N/A       100%        8


Dungeon Overview and Level Annotations

Branches:
Dungeon (2/15)

Altars:

Shops:
D:1 *


Innate Abilities, Weirdness & Mutations

You are small and have problems with some larger weapons.
You are completely attuned to the shadows.


Message History

The helpless bat fails to defend itself.
You stick the bat like a pincushion!!!
You kill the bat!
Found an escape hatch in the ceiling.
No target in view!
There is an escape hatch in the ceiling here.
You now have enough gold to buy a scroll of poison on D:1.
You now have 85 gold pieces (gained 10).
No target in view!
A kobold comes into view. It is wielding a +0 dagger.
Found a dark potion.
A kobold is nearby!
The helpless kobold fails to defend itself.
You spit the kobold like a pig!!!
You kill the kobold!
q - a dark potion
Things that are here:
a +0 dagger; a stone; a kobold corpse
There is an escape hatch in the ceiling here.
A mysterious force pulls you upwards. The hatch slams shut behind you.
No target in view!
Done exploring.
(D) Dungeon
Where to? (Enter - D:2, ? - help)
There is a stone staircase leading down here.
You climb downwards.
There is a stone staircase leading up here.
A hobgoblin is nearby!
A hobgoblin is nearby!
A hobgoblin is nearby!
The helpless hobgoblin fails to defend itself.
You skewer the hobgoblin like a kebab!!!
You kill the hobgoblin!
You see here a hobgoblin corpse.
Found a stone staircase leading down.
No target in view!
i - 2 scrolls labelled YCUF BACUGUING (gained 1)
An adder comes into view.
An adder is nearby!
An adder is nearby!

.........#
###.>###......#
.....##### #..#
##.....#
.##...# #..#
#.....# .......
###.# #.....#
###
#...##########
# ##.#.....# #
...#...### #
.#.....##
....@...#
.##.###.# .S.
.# .... # #.#.


You could see an adder (asleep).

Vanquished Creatures
  Jessica (D:2)
  A gnoll (D:1)
  3 dart slugs (D:1)
  A ball python (D:1)
  5 endoplasms (D:1)
  2 giant cockroaches (D:1)
  2 goblins (D:1)
  6 hobgoblins
  2 jackals (D:1)
  5 quokkas (D:1)
  7 bats
  2 frilled lizards (D:1)
  4 kobolds
41 creatures vanquished.

Notes
Turn   | Place    | Note
-------+----------+-------------------------------------------
     0 | D:1      | Colgate the Kobold Brigand began the quest for the Orb.
     0 | D:1      | Reached XP level 1. HP: 12/12 MP: 1/1
   132 | D:1      | Reached skill level 3 in Short Blades
   202 | D:1      | Reached XP level 2. HP: 12/17 MP: 2/2
   363 | D:1      | Reached skill level 4 in Short Blades
   607 | D:1      | Reached XP level 3. HP: 21/21 MP: 3/3
   625 | D:1      | Found Nassuewu's Assorted Antiques.
   891 | D:1      | Reached skill level 5 in Short Blades
   906 | D:1      | HP: 1/21 [quokka (4)]
  1381 | D:1      | Reached XP level 4. HP: 7/26 MP: 4/4
  1897 | D:2      | Noticed Jessica
  1906 | D:2      | Killed Jessica
  1907 | D:2      | Reached skill level 6 in Short Blades
  2208 | D:2      | Quit the game

Illustrated notes

Levels and vault maps discovered:
D:1:      dpeg_arrival_signposts, layout_basic, serial_shops, shop,
          chequers_serial_rivers_micro_e
D:2:      layout_rooms, serial_shops, nicolae_shop_stone, uniq_robin,
          uniq_jessica

Skill      XL: |  1  2  3  4 |
---------------+-------------+-----
Short Blades   | 3 4 5 6 |  6.1
Fighting       | |  2.1
Throwing       | |  2.1
Dodging        | |  1.2
Stealth        | |  5.3

Action                   |  1- 3 |  4- 6 || total
-------------------------+-------+-------++-------
Melee: Dagger            |    97 |    33 ||   130
  Use: Scroll            |       |     4 ||     4
 Stab: Sleeping          |     8 |     5 ||    13
       Distracted        |     1 |       ||     1
Armor: Robe              |    13 |     4 ||    17
Dodge: Dodged            |    55 |    11 ||    66

Table legend: (Time is in decaauts)
 A = Elapsed time spent in this place.
 B = Non-inter-level travel time spent in this place.
 C = Inter-level travel time spent in this place.
 D = Time resting spent in this place.
 E = Time spent auto-exploring this place.
 F = Levels seen in this place.
 G = Mean time per level.
                   A        B        C        D        E       F      G
               +--------+--------+--------+--------+--------+-----+--------+
         Total |   2178 |   2137 |     41 |    100 |   1795 |   2 | 1089.0 |
       Dungeon |   2178 |   2137 |     41 |    100 |   1795 |   2 | 1089.0 |
               +--------+--------+--------+--------+--------+-----+--------+

Top non-repeatable levels by time:
     D:1: 1770 daAuts
     D:2: 408 daAuts
